 Dungeon Crawl Stone Soup version 0.18-a0-1211-g828307d (webtiles) character file.

929875 abixa the Conqueror (level 27, -6/273 HPs)
             Began as a Hill Orc Gladiator on Feb 1, 2016.
             Was the Champion of Pakellas.
             Thrown by an iron giant (54 damage)
             ... on level 7 of the Iron City of Dis on Feb 2, 2016.
             The game lasted 07:47:33 (89101 turns).

abixa the Conqueror (Hill Orc Gladiator)           Turns: 89101, Time: 07:47:33

Health: -6/273     AC: 42    Str: 18    XL:     27
Magic:  47/47      EV: 21    Int: 10    God:    Pakellas [******]
Gold:   10106      SH:  3    Dex: 19    Spells: 10 memorised, 14 levels left

rFire  + + +     SeeInvis .     a - +8 executioner's axe of Peace {chop, rN+ MP+9 Int+2}
rCold  + + +     Gourm    .     G - +9 shadow dragon armour of the Duchess {rN+ Stlth++++}
rNeg   + + +     Faith    .     (shield currently unavailable)
rPois  +         Spirit   .     D - +0 hat of Gydej {Regen+}
rElec  +         Dismiss  .     f - +2 cloak {+Inv}
rCorr  .         Reflect  +     t - +2 pair of gloves of Eseidare {rC+++ MR+ Regen+ Dex-4}
SustAt .         Harm     .     Z - +2 pair of boots {run}
MR     +++++                    l - amulet "Quloaxeg" {Reflect rN+ MR++ Str-4 Dex+3 SH+3}
Stlth  ++++......               Q - ring of Dyor {rElec rPois rF++ Stlth+}
                                k - ring of Ujih {Fragile rPois rF+ Slay+5}

@: quick, almost entirely resistant to hostile enchantments, stealthy
A: hooves 1
a: Quick Charge, Device Surge, Supercharge, Renounce Religion, Evoke
Invisibility
}: 7/15 runes: barnacled, silver, iron, obsidian, bone, abyssal, gossamer


You were on level 7 of the Iron City of Dis.
You worshipped Pakellas.
Pakellas was exalted by your worship.
You were not hungry.

You visited 15 branches of the dungeon, and saw 76 of its levels.
You visited the Abyss 2 times.
You visited 2 bazaars.
You also visited: Labyrinth, Trove, Sewer and Ice Cave.

You collected 16148 gold pieces.
You spent 6042 gold pieces at shops.

Inventory:

Hand Weapons
 a - the +8 executioner's axe of Peace (weapon) {chop, rN+ MP+9 Int+2}
   (You bought it in a shop on level 3 of the Depths)

   It inflicts extra damage upon your enemies.
   It affects your intelligence (+2).
   It protects you from negative energy.
   It affects your magic capacity (+9).
Armour
 f - a +2 cloak of invisibility (worn)
 t - the +2 pair of gloves of Eseidare (worn) {rC+++ MR+ Regen+ Dex-4}
   (You found it on level 4 of the Depths)

   It affects your dexterity (-4).
   It renders you almost immune to cold.
   It affects your resistance to hostile enchantments.
   It increases your rate of regeneration.
 D - the +0 hat of Gydej (worn) {Regen+}
   (You found it on level 8 of the Lair of Beasts)

   It increases your rate of regeneration.
 G - the +9 shadow dragon armour of the Duchess (worn) {rN+ Stlth++++}
   (You took it off a deep elf high priest on level 3 of the Elven Halls)

   It protects you from negative energy.
   It makes you much more stealthy.
 P - a +2 pair of boots of flying
 Z - a +2 pair of boots of running (worn)
Rods
 b - a +4 rod of clouds (10/13)
   (You found it in a treasure trove)
 c - a +0 rod of shadows (14/14)
   (You found it on level 4 of the Spider Nest)
 e - a +9 lightning rod (13/13)
   (Pakellas gifted it to you on level 2 of the Vaults)
 g - a +2 lightning rod (14/14)
   (You bought it in a shop in a bazaar)
 p - a +5 rod of shadows (9/9)
   (Pakellas gifted it to you on level 7 of Tartarus)
 r - a +8 rod of ignition (13/13)
   (Pakellas gifted it to you on level 8 of the Dungeon)
 y - a +4 rod of clouds (11/11)
   (Pakellas gifted it to you on level 2 of the Vaults)
 T - a +7 iron rod (14/14)
   (You found it on level 3 of the Crypt)
Jewellery
 i - the amulet "Nahu" {+Rage rF++ rN+++ Dex-3}
   (You found it on level 7 of Tartarus)

   [amulet of rage]

   It affects your dexterity (-3).
   It greatly protects you from fire.
   It renders you almost immune to negative energy.
   It lets you go berserk.
 k - the ring of Ujih (left hand) {Fragile rPois rF+ Slay+5}
   (You found it on level 5 of the Lair of Beasts)

   [ring of protection from fire]

   It affects your accuracy and damage with ranged weapons and melee attacks
   (+5).
   It protects you from fire.
   It protects you from poison.
   It will be destroyed if unequipped.
 l - the amulet "Quloaxeg" (around neck) {Reflect rN+ MR++ Str-4 Dex+3 SH+3}
   (You found it on level 3 of the Crypt)

   [amulet of reflection]

   It shields you and reflects attacks.
   It affects your strength (-4).
   It affects your dexterity (+3).
   It protects you from negative energy.
   It affects your resistance to hostile enchantments.
   It affects your SH (+3).
 I - the ring "Qaqefreu" {Int+2 SInv}
   (You took it off a deep elf death mage on level 3 of the Elven Halls)

   [ring of see invisible]

   It affects your intelligence (+2).
   It lets you see invisible.
 Q - the ring of Dyor (right hand) {rElec rPois rF++ Stlth+}
   (You took it off an ironheart preserver on level 4 of the Vaults)

   [ring of stealth]

   It greatly protects you from fire.
   It insulates you from electricity.
   It protects you from poison.
   It makes you more stealthy.
 U - an uncursed ring of sustain attributes
Wands
 u - a wand of teleportation (6/9)
 v - a wand of heal wounds (4/9)
 F - a wand of lightning (7/15)
 L - a wand of iceblast (10/15)
 W - a wand of digging (9/24)
 Y - a wand of hasting (8/9)
Scrolls
 m - 3 scrolls of fog
 n - a scroll of holy word
 o - 11 scrolls of identify
 s - 22 scrolls of remove curse
 w - 2 scrolls of silence
 z - 11 scrolls of blinking
 M - 21 scrolls of teleportation
 O - 5 scrolls of magic mapping
Potions
 h - a potion of cure mutation
 j - 3 potions of berserk rage
 x - 2 potions of resistance
 E - 12 potions of heal wounds
 H - 16 potions of curing
 K - 8 potions of flight
 S - 6 potions of cancellation
 V - 7 potions of haste
Miscellaneous
 B - a fan of gales
 N - a disc of storms
Comestibles
 A - 28 meat rations


   Skills:
 O Level 27 Fighting
 + Level 26.6 Axes
 - Level 1.7 Throwing
 + Level 25.2 Armour
 + Level 19.4 Dodging
 - Level 10.3 Spellcasting
 * Level 14.7 Charms
 * Level 16.3 Necromancy
 + Level 10.6 Translocations
 + Level 11.6 Air Magic
 + Level 23.1 Evocations


You had 14 spell levels left.
You knew the following spells:

 Your Spells              Type           Power        Failure   Level  Hunger
a - Apportation           Tloc           ####......   1%          1    None
b - Repel Missiles        Chrm/Air       ####..       1%          2    None
c - Shroud of Golubria    Chrm/Tloc      ####......   1%          2    None
d - Swiftness             Chrm/Air       ####....     1%          2    None
e - Blink                 Tloc           N/A          1%          2    None
f - Regeneration          Chrm/Necr      #####.....   1%          3    ##.....
g - Passage of Golubria   Tloc           N/A          8%          4    ####...
h - Phase Shift           Tloc           ####......   17%         5    #####..
i - Silence               Hex/Air        ###.......   95%         5    #####..
j - Deflect Missiles      Chrm/Air       ####......   34%         6    #######


Dungeon Overview and Level Annotations

Branches:
Dungeon (15/15)            Temple (1/1) D:4            Lair (8/8) D:10
 Shoals (4/4) Lair:3       Spider (4/4) Lair:5        Slime (0/6) Lair:8
    Orc (2/2) D:12            Elf (3/3) Orc:2        Vaults (5/5) D:13
  Crypt (3/3) Vaults:2       Tomb (0/3) Crypt:3      Depths (5/5) D:15
   Hell (1/1)                 Dis (7/7) Hell            Geh (7/7) Hell
    Coc (0/7) Hell            Tar (7/7) Hell            Zot (5/5) Depths:5

Altars:
Ashenzari
Cheibriados
Dithmenos
Elyvilon
Fedhas
Gozag
Kikubaaqudgha
Makhleb
Nemelex Xobeh
Okawaru
Pakellas
Qazlal
Ru
Sif Muna
Trog
Vehumet
Xom
Yredelemnul
Zin
The Shining One
Jiyva

Shops:
D:9 !   D:10 *   D:15 *   Orc:2 [=:??   Elf:1 !   Elf:2 [   Shoals:2 =
Vaults:2 }*   Vaults:5 !=   Depths:1 *   Depths:3 *[(*

Portals:
Hell: Depths:1 Depths:2 Depths:3 Depths:4 Depths:5
Abyss: Depths:2 Depths:4
Pandemonium: Depths:1 Depths:3 Depths:5
Ziggurat: Depths:3

Annotations:
D:12 food
Lair:8 1 runed door
Dis:7 Dispater


Innate Abilities, Weirdness & Mutations

You have large cloven feet.


Message History

The iron giant gestures at you while chanting.
The iron shot hits you!
You hit the iron giant but do no damage.
The iron giant is severely wounded.
The iron giant casts a spell at you. The iron shot hits you!
You hit the iron giant.
The iron giant is severely wounded.
The iron giant throws you! "You will not leave this place."
A Hell Sentinel comes into view.
Things that are here:
a battleaxe of freezing; a frost giant corpse The iron giant hits you with a giant club!!!
* * * LOW HITPOINT WARNING * * *
Evoke which item? (* to show all) (? for menu, Esc to quit)
Zapping:
v - a wand of heal wounds (5/9)
Press: ? - help, Shift-Dir - straight line, f - you You feel much better.
This wand has 4 charges left.
The iron giant throws you!
You die...

* ##....## * #......# * ##..C.##
* ##....## * #..()..# * ##....##
*********########''''###******###
,,,,,,,,,.......1.......,,,,,,...
,,,,,,,,,.......@.........,,,,...
*,,,,****####....#######..******#
*,,,,* #....# #..* *,,,,* #....#
#..# *,,,,* #....# #..#######
*,,,,* #....# #......... *,,,,*
#....# #......... *,,,,* #....#
#......... *,,,,* *,,,,*
#.........


You could see an iron giant and a Hell Sentinel.

Vanquished Creatures
  Asmodeus (Geh:7)
  Ereshkigal (Tar:7)
  3 ancient liches
  4 orbs of fire
  5 iron giants
  6 Killer Klowns
  2 curse toes
  A caustic shrike (Depths:1)
  15 golden dragons
  Geryon (Hell)
  6 bone dragons
  5 doom hounds
  Jorgrun (Depths:2)
  19 Brimstone Fiends
  5 Hell Sentinels
  3 electric golems
  An Ice Fiend (Dis:2)
  21 tentacled monstrosities
  2 deep elf blademasters
  13 liches
  25 Orb Guardians (Zot:5)
  3 titans
  The ghost of Duffy the Earth Mage, an adept FoEE of Sif Muna (Shoals:2)
  6 quicksilver dragons
  A deep elf master archer (Elf:3)
  Asterion (Depths:2)
  25 Shadow Fiends
  6 sphinxes
  4 krakens
  5 eldritch tentacles
  9 death cobs
  5 tentacled starspawn
  2 Executioners
  3 ancient champions
  4 draconian monks
  13 shadow dragons
  7 storm dragons
  Ilsuiw (Shoals:4)
  7 tengu reavers
  12 frost giants
  4 revenants
  3 orc warlords
  5 iron dragons
  9 fire giants
  7 ghost moths
  2 draconian knights
  12 vault wardens
  4 emperor scorpions (Spider:4)
  7 deep elf sorcerers
  3 draconian scorchers
  8 draconian zealots
  4 draconian shifters
  49 reapers
  An angel (Depths:3)
  A curse skull (Crypt:3)
  A cacodemon (Geh:7)
  11 balrugs
  8 deep elf elementalists
  4 spriggan defenders
  5 draconian annihilators
  21 ironheart preservers
  21 very ugly things
  A ghoul (Crypt:2)
  9 vampire knights
  27 stone giants
  4 deep elf demonologists
  16 war gargoyles
  6 green draconians
  6 black draconians
  4 draconian callers
  12 deep elf annihilators
  12 salamander stormcallers
  A lorocyproca (Depths:1)
  7 white draconians
  8 purple draconians
  8 mottled draconians
  8 spark wasps
  9 yellow draconians
  9 red draconians
  2 blizzard demons (IceCv)
  A mummy priest (Crypt:3)
  2 eidola (Tar:7)
  2 quicksilver dragon zombies
  9 ettins
  22 vault guards
  A minotaur (Lab)
  8 jiangshi
  9 deep elf death magi
  19 yaktaur captains
  19 fire dragons
  14 great orbs of eyes
  6 merfolk javelineers
  Josephine (Orc:2)
  10 merfolk impalers
  6 deep elf high priests
  7 rakshasas
  6 entropy weavers
  3 catoblepae (Lair:8)
  19 ice dragons
  Harold (D:11)
  8 hydras
  Fannar (Orc:1)
  5 hell beasts
  2 ghost crabs
  2 spriggan air magi
  10 centaur warriors
  Erica (D:9)
  A quicksilver dragon skeleton (Crypt:2)
  An alligator snapping turtle (Shoals:4)
  A merfolk avatar (Shoals:3)
  15 ogre magi
  A monstrous demonspawn (Depths:3)
  4 death knights
  2 tengu warriors
  9 deep troll shamans
  An iron giant skeleton (Crypt:1)
  3 satyrs
  13 death yaks
  11 deep troll earth magi
  21 dancing weapons
  9 thrashing horrors
  8 vampire magi
  6 spriggan berserkers
  13 sun demons
  8 orc high priests
  3 storm dragon zombies
  7 titan zombies
  9 hell hogs
  33 deep elf knights
  36 soul eaters
  5 iron golems
  3 titan skeletons
  9 iron trolls
  105 skeletal warriors
  25 shadow wraiths
  5 wretched stars
  27 hell knights
  A salamander mystic (Depths:3)
  15 sea snakes
  A death drake (Tar:5)
  A spatial maelstrom (Abyss:3)
  2 storm dragon skeletons
  A sea snake (shapeshifter) (Depths:5)
  27 deep trolls
  10 shadow demons
  2 golden dragon zombies
  A kraken simulacrum (Shoals:4)
  4 giant orange brains
  9 unseen horrors
  6 flayed ghosts
  5 anaconda zombies
  A torturous demonspawn (Depths:1)
  3 shadow dragon zombies
  A gelid demonspawn (Depths:3)
  An obsidian statue (Zot:5)
  3 hill giants
  18 ironbrand convokers
  2 putrid demonspawn
  21 harpies
  3 golden dragon skeletons
  6 anaconda skeletons
  A mana viper (Abyss:1)
  A hill giant (shapeshifter) (Vaults:5)
  3 necromancers
  18 deep elf archers
  20 phantasmal warriors
  An orb spider (shapeshifter) (D:15)
  3 wizards
  7 shadow dragon skeletons
  7 cyclopes
  An oklob plant (D:12)
  8 orc sorcerers
  29 orc knights
  14 orb spiders
  18 griffons
  An iron dragon zombie (Tar:7)
  13 fauns
  60 ugly things
  69 deep elf magi
  12 hornets
  5 salamanders
  23 wolf spiders
  2 sixfirhies
  2 frost giant zombies
  3 wolf spider zombies
  8 fire giant zombies
  2 iron dragon skeletons
  33 moths of wrath
  13 manticores
  11 sirens
  2 worldbinders
  5 frost giant skeletons
  A black mamba (shapeshifter) (D:15)
  5 elephants (Lair:7)
  An apocalypse crab (Abyss:1)
  An octopode (shapeshifter) (Vaults:4)
  A shock serpent zombie (Dis:3)
  4 centaur zombies
  11 vault sentinels
  A stone giant skeleton (Tar:3)
  6 water nymphs
  3 guardian serpents
  4 dire elephant zombies
  11 molten gargoyles (Geh:7)
  2 black mambas
  6 gargoyles
  19 rust devils
  4 ice statues (IceCv)
  14 fire giant skeletons
  6 smoke demons
  8 spiny frogs
  16 large abominations
  4 torpor snails
  2 dire elephant skeletons
  2 komodo dragons (shapeshifter)
  54 yaktaurs
  An orange demon (Depths:5)
  A sea snake zombie (Crypt:2)
  A shock serpent skeleton (Crypt:1)
  5 kobold demonologists
  21 ice devils
  2 catoblepas zombies
  18 demonic crawlers
  17 hellions
  9 komodo dragons
  A fire drake (Lair:7)
  8 efreet
  2 anaconda simulacra (IceCv)
  A mottled draconian zombie (Geh:7)
  25 tormentors
  An emperor scorpion zombie (Geh:6)
  21 red devils
  A fire drake (shapeshifter) (Vaults:2)
  8 hydra zombies
  8 ancient zymes
  2 catoblepas skeletons
  A wind drake (shapeshifter) (Depths:1)
  A tengu conjurer (Depths:1)
  7 freezing wraiths
  3 hellwings
  2 silent spectres (Tar:7)
  22 two-headed ogres
  3 wind drakes (Shoals:4)
  A minotaur zombie (Crypt:1)
  30 jumping spiders
  6 harpy zombies
  30 merfolk
  9 trolls
  3 polar bears (shapeshifter)
  Grinder (D:6)
  2 harpy skeletons
  3 sphinx simulacra
  A hydra skeleton (Crypt:3)
  7 ettin zombies
  5 snapping turtles
  4 boulder beetles
  A fire dragon zombie (Tar:7)
  12 slime creatures
  3 ice dragon zombies
  9 blink frogs
  12 raiju
  16 small abominations
  2 minotaur skeletons (Lab)
  2 ice dragon skeletons
  4 ynoxinuls
  58 redbacks
  4 ettin skeletons
  A spriggan (shapeshifter) (D:15)
  An alligator zombie (Geh:6)
  95 flying skulls
  12 fire dragon skeletons
  26 shadows
  17 starcursed masses
  4 black mamba zombies
  27 wraiths
  5 spriggans
  30 tarantellas
  19 water elementals
  7 vampires
  6 air elementals
  A yak (shapeshifter) (Vaults:1)
  7 alligator skeletons
  A fire bat (Abyss:3)
  A chaos spawn (Abyss:3)
  17 fire elementals
  5 wyverns
  57 yaks
  A black mamba skeleton (Geh:7)
  A golden eye (Abyss:1)
  15 vampire mosquitoes
  5 basilisks
  2 neqoxecs (Abyss:3)
  A human (shapeshifter) (Vaults:1)
  2 hippogriffs (shapeshifter)
  12 hungry ghosts
  8 hippogriffs
  A spatial vortex (Dis:3)
  21 wolves
  A harpy simulacrum (IceCv)
  An iron troll simulacrum (IceCv)
  A soldier ant (shapeshifter) (Depths:3)
  A spiny frog zombie (Hell)
  4 wargs
  6 mottled dragons
  A swamp worm (shapeshifter) (Vaults:5)
  6 hydra simulacra
  A merfolk zombie (Geh:3)
  53 hell hounds
  A soldier ant (D:15)
  9 water moccasins
  A merfolk skeleton (Geh:7)
  A water moccasin (shapeshifter) (Depths:5)
  17 porcupines
  9 ice beasts
  A manticore zombie (Abyss:1)
  62 orc warriors
  An ice beast (shapeshifter) (Vaults:4)
  2 snapping turtle zombies
  3 phantoms
  3 sky beasts
  2 spiny frog skeletons
  2 black bears
  10 wasps
  An ettin simulacrum (IceCv)
  An eye of draining (D:15)
  25 necrophages
  2 swamp dragon zombies
  68 ogres
  10 boggarts
  22 centaurs
  A hog zombie (Crypt:1)
  2 snapping turtle skeletons
  2 manticore skeletons
  A swamp dragon skeleton (Geh:7)
  15 crocodiles
  2 big kobolds
  A draconian skeleton (Crypt:2)
  19 giant frogs
  A wyvern zombie (D:13)
  A salamander skeleton (Crypt:1)
  An elf zombie (Dis:3)
  3 earth elementals
  2 wyvern skeletons
  A troll zombie (Crypt:3)
  9 scorpions
  A hippogriff zombie (Shoals:4)
  10 killer bees
  A spriggan skeleton (Lab)
  82 wights
  16 crimson imps
  A giant frog zombie (D:8)
  3 jellies
  6 quasits
  A wasp zombie (Crypt:1)
  2 human skeletons
  34 orc priests
  4 giant frog skeletons
  12 hounds
  17 iron imps
  6 centaur skeletons
  11 iguanas
  7 hell rats
  Natasha (thrice) (D:2)
  30 orc wizards
  9 worker ants
  17 sheep
  A hound zombie (D:6)
  An ogre skeleton (Geh:6)
  3 mummies
  The ghost of ipx the Sneak, a weakling SpEn (D:4)
  3 worker ant zombies
  4 gnolls (D:9)
  20 adders
  51 river rats
  14 shadow imps
  14 white imps
  3 ufetubi
  An adder zombie (D:5)
  An adder skeleton (D:9)
  An iguana skeleton (Crypt:2)
  3 worms
  3 giant geckos
  116 orcs
  12 giant cockroaches
  18 hobgoblins
  10 jackals
  4 quokkas
  4 ball pythons
  13 bats
  9 giant newts
  11 goblins
  A goblin zombie (Crypt:2)
  25 kobolds
  A kobold zombie (Crypt:2)
  A quokka zombie (D:9)
  33 rats
  5 fire vortices
  10 fungi
  A lost soul (Crypt:3)
  12 plants
  6 starspawn tentacles (Abyss:1)
  12 tentacles
  7 withered plants (Crypt:3)
3829 creatures vanquished.

Vanquished Creatures (collateral kills)
  An orb of fire (Zot:5)
  Rupert (D:13)
  3 death cobs
  A storm dragon (Zot:4)
  A draconian shifter (Zot:4)
  A vault guard (Vaults:5)
  A catoblepas (D:13)
  A skeletal warrior (Tar:7)
  An orb spider (Spider:4)
  A harpy (Shoals:3)
  2 deep elf magi (Elf:1)
  A moth of wrath (Zot:5)
  2 demonic crawlers (Spider:2)
  2 merfolk (Shoals:3)
  An orc warrior (D:12)
  An ogre (Vaults:5)
  A giant frog (D:8)
  A crimson imp (D:13)
  2 white imps (Elf:1)
25 creatures vanquished.

Vanquished Creatures (others)
  A fire giant (Vaults:5)
  A tengu reaver (Depths:3)
  A deep elf annihilator (Vaults:3)
  3 vault guards (Vaults:5)
  A deep elf high priest (Elf:3)
  A golden dragon zombie (Geh:7)
  A hell knight (Geh:4)
  A shadow wraith (Tar:7)
  A shadow demon (Tar:4)
  A fire giant zombie (Geh:6)
  An anaconda skeleton (Geh:7)
  A deep elf mage (Elf:2)
  A moth of wrath (Zot:5)
  A smoke demon (Geh:7)
  An efreet (Abyss:2)
  A freezing wraith (Tar:7)
  A blink frog (Lair:7)
  A two-headed ogre (Depths:2)
  A hydra skeleton (Geh:7)
  4 flying skulls
  A shadow (Tar:7)
  A wraith (Geh:7)
  A fire dragon skeleton (Geh:7)
  3 hell hounds
  3 orc warriors
  A spiny frog skeleton (Geh:7)
  2 ogres (Vaults:5)
  3 shadow imps (Tar:4)
  46 eldritch tentacle segments
  A fire vortex (Depths:2)
  8 fungi
  6 lost souls
  14 plants
  5 starspawn tentacles
  27 starspawn tentacle segments
  11 tentacles
  202 tentacle segments
  3 withered plants (Crypt:3)
363 creatures vanquished.

Grand Total: 4217 creatures vanquished

Notes
Turn   | Place    | Note
--------------------------------------------------------------
     0 | D:1      | abixa the Hill Orc Gladiator began the quest for the Orb.
     0 | D:1      | Reached XP level 1. HP: 18/18 MP: 1/1
   114 | D:1      | Reached XP level 2. HP: 20/25 MP: 2/2
   487 | D:1      | Reached skill level 1 in Armour
   510 | D:1      | Reached XP level 3. HP: 28/30 MP: 3/3
  1042 | D:2      | Reached XP level 4. HP: 31/38 MP: 4/4
  1580 | D:2      | Noticed Natasha
  1610 | D:2      | Killed Natasha
  1610 | D:2      | Reached XP level 5. HP: 12/46 MP: 5/5
  1904 | D:2      | Noticed Natasha
  1946 | D:2      | Killed Natasha
  2019 | D:2      | Noticed Natasha
  2062 | D:2      | HP: 1/47 [Natasha/magic dart (5)]
  2067 | D:2      | Killed Natasha
  2838 | D:2      | Reached skill level 5 in Fighting
  2838 | D:2      | Reached XP level 6. HP: 37/56 MP: 6/6
  3946 | D:4      | Found a staircase to the Ecumenical Temple.
  3953 | Temple   | Entered the Ecumenical Temple
  3989 | Temple   | Became a worshipper of Pakellas the Inventive
  4034 | D:4      | Noticed a phantom
  4099 | D:4      | Reached XP level 7. HP: 61/61 MP: 7/9
  4323 | D:4      | Noticed ipx's ghost (weakling SpEn)
  4334 | D:4      | Killed ipx's ghost
  4745 | D:5      | Entered Level 5 of the Dungeon
  4834 | D:5      | Got a warped leather armour
  4850 | D:4      | Identified the +2 leather armour "Sainwaew" {rF+ Regen+} (You found it on level 5 of the Dungeon)
  4865 | D:5      | Reached skill level 5 in Evocations
  5129 | D:5      | Reached skill level 5 in Axes
  5379 | D:5      | Reached * piety under Pakellas
  5379 | D:5      | Reached XP level 8. HP: 37/70 MP: 11/11
  5702 | D:5      | Reached skill level 6 in Fighting
  5886 | D:6      | Found a glowing drain.
  5905 | Sewer    | Entered a sewer
  6198 | Sewer    | Reached ** piety under Pakellas
  6198 | Sewer    | Received a gift from Pakellas
  6527 | D:6      | Noticed Grinder
  6570 | D:6      | Killed Grinder
  6570 | D:6      | Reached skill level 7 in Fighting
  6575 | D:6      | Reached XP level 9. HP: 41/79 MP: 11/13
  6735 | D:6      | Got a twisted ring mail
  6868 | D:6      | Reached *** piety under Pakellas
  7859 | D:7      | Reached skill level 5 in Armour
  8089 | D:8      | Found a bloodstained altar of Trog.
  8089 | D:8      | Found a burning altar of Makhleb.
  8203 | D:7      | Identified the +4 ring mail "Xaugyry" {rElec rN++ Str-5 SInv} (You found it on level 6 of the Dungeon)
  8357 | D:8      | Reached skill level 8 in Fighting
  8565 | D:8      | Reached **** piety under Pakellas
  8565 | D:8      | Received a gift from Pakellas
  9074 | D:9      | Reached skill level 9 in Axes
  9077 | D:9      | Found Vinex's Distillery.
  9097 | D:9      | Reached XP level 10. HP: 83/91 MP: 15/15
  9105 | D:9      | Bought a potion of curing for 36 gold pieces
  9105 | D:9      | Bought a potion of agility for 48 gold pieces
  9105 | D:9      | Bought a potion of might for 48 gold pieces
  9105 | D:9      | Bought a potion of mutation for 30 gold pieces
  9418 | D:9      | Reached ***** piety under Pakellas
  9757 | D:9      | Learned a level 2 spell: Blink
  9760 | D:9      | Learned a level 2 spell: Repel Missiles
  9956 | D:8      | HP: 3/92 [wyvern (13)]
 10482 | D:9      | Reached skill level 10 in Axes
 10560 | D:9      | Found a blossoming altar of Fedhas.
 10898 | D:9      | Reached skill level 10 in Fighting
 10906 | D:10     | Entered Level 10 of the Dungeon
 10994 | D:10     | Noticed Erica
 11042 | D:9      | Identified a +8 rod of ignition (13/13) (Pakellas gifted it to you on level 8 of the Dungeon)
 11050 | D:9      | Killed Erica
 11410 | D:10     | Found Bachaf's General Store.
 11519 | D:10     | Bought a scroll of remove curse for 42 gold pieces
 11519 | D:10     | Bought a scroll of identify for 28 gold pieces
 11603 | D:9      | Reached XP level 11. HP: 46/101 MP: 17/17
 12010 | D:10     | Noticed an unseen horror
 12014 | D:10     | Killed an unseen horror
 12014 | D:10     | Reached skill level 11 in Axes
 12079 | D:10     | Found a staircase to the Lair.
 12221 | D:11     | Found a portal to a secret trove of treasure.
 12286 | D:11     | Reached skill level 5 in Dodging
 13028 | D:11     | Noticed Harold
 13054 | D:11     | Killed Harold
 13087 | D:11     | Noticed a manticore
 13184 | D:11     | Killed a manticore
 13677 | D:12     | Found a flickering gateway to a bazaar.
 13701 | Bazaar   | Entered a bazaar
 13719 | Bazaar   | Found Oteafipn's Food Emporium.
 13734 | Bazaar   | Found Xosar's Antique Armour Shoppe.
 13734 | Bazaar   | Found Ofen Aqo's Armour Emporium.
 13750 | Bazaar   | Bought an embroidered cloak for 81 gold pieces
 13750 | Bazaar   | Bought a distressingly furry plate armour for 504 gold pieces
 13765 | Bazaar   | Identified the cursed +0 plate armour of Serendipity {rC+ Regen+ MP+9 Str+3} (You bought it in a shop in a bazaar)
 13776 | Bazaar   | Found Seibekan's Magic Scroll Shoppe.
 13776 | Bazaar   | Found Iniwi's Book Emporium.
 13828 | D:12     | Noticed a deep elf mage
 13999 | D:12     | Noticed a hill giant
 14028 | D:11     | Killed a hill giant
 14037 | D:12     | Killed a deep elf mage
 14052 | D:11     | Reached ****** piety under Pakellas
 14052 | D:11     | Reached skill level 10 in Evocations
 14140 | D:11     | Noticed a hill giant
 14141 | D:11     | Reached skill level 12 in Axes
 14147 | D:11     | Killed a hill giant
 14174 | D:12     | Found a staircase to the Orcish Mines.
 14306 | D:12     | Found a shimmering altar of Xom.
 14307 | D:12     | Noticed an oklob plant
 14449 | D:12     | Reached XP level 12. HP: 111/111 MP: 19/19
 14982 | Lair:1   | Entered Level 1 of the Lair of Beasts
 15003 | Lair:1   | Found a labyrinth entrance.
 15015 | Lab      | Entered a labyrinth
 15309 | Lab      | Noticed a minotaur
 15350 | Lab      | Killed a minotaur
 15426 | Lab      | Got a faintly glowing plate armour
 15438 | Lab      | Identified a +0 pair of boots of running (You found it in a labyrinth)
 15441 | Lab      | Got a jewelled chain mail
 15488 | Lair:1   | Identified the +7 chain mail "Jyob" {rPois rC- rN+++ MR-} (You found it in a labyrinth)
 15498 | Lair:1   | Identified the cursed +0 plate armour of the Hidden Mice {MR+} (You found it in a labyrinth)
 15553 | Lair:1   | Identified a +3 rod of clouds (11/11) (You found it in a labyrinth)
 15599 | Lair:1   | Reached skill level 13 in Axes
 16765 | Orc:1    | Entered Level 1 of the Orcish Mines
 16765 | Orc:1    | Noticed an orc warlord
 16771 | Orc:1    | Noticed an orc warlord
 17287 | D:12     | Killed an orc warlord
 17287 | D:12     | Reached XP level 13. HP: 50/122 MP: 21/21
 17535 | Orc:1    | Received a gift from Pakellas
 17547 | Orc:1    | Killed an orc warlord
 17547 | Orc:1    | Reached skill level 10 in Armour
 18222 | Orc:1    | Noticed Fannar
 18312 | Orc:1    | Killed Fannar
 18312 | Orc:1    | Reached skill level 14 in Axes
 19095 | Orc:2    | Entered Level 2 of the Orcish Mines
 19372 | Orc:2    | Found a staircase to the Elven Halls.
 20371 | Orc:2    | Noticed Josephine
 20397 | Orc:2    | Killed Josephine
 20634 | Orc:2    | Noticed a stone giant
 20802 | Orc:2    | Killed a stone giant
 21089 | Orc:2    | Found Xeadd's Jewellery Boutique.
 21374 | Orc:2    | Paralysed by an orc sorcerer for 4 turns
 21546 | Orc:2    | Reached XP level 14. HP: 114/132 MP: 23/23
 21870 | Orc:2    | Found Werchoofe's Magic Scroll Boutique.
 21870 | Orc:2    | Found Oteneext's Antique Armour Boutique.
 21871 | Orc:2    | Found Exkawk's Magic Scroll Emporium.
 21876 | Orc:2    | Found Ifeh Bapluig's Book Emporium.
 21888 | Orc:2    | Bought a scroll of identify for 28 gold pieces
 21888 | Orc:2    | Bought a scroll of noise for 14 gold pieces
 21888 | Orc:2    | Bought a scroll of teleportation for 42 gold pieces
 21946 | Orc:2    | Bought a scroll of identify for 24 gold pieces
 22172 | D:9      | Bought a potion of cure mutation for 300 gold pieces
 22175 | D:9      | Bought a potion of cure mutation for 300 gold pieces
 22244 | D:11     | You paid a toll of 2 potions of cure mutation to enter a treasure trove
 22245 | Trove    | Entered a treasure trove
 22272 | Trove    | Identified Sif Muna's Guide on Fascination
 22290 | Trove    | Identified Wacwib's Handbook of Gliding Conjuration
 22302 | Trove    | Identified Teizuxtitz's Incunabulum of the Entourage
 22324 | D:11     | Identified a +4 rod of clouds (13/13) (You found it in a treasure trove)
 22596 | Lair:2   | Reached skill level 15 in Axes
 23000 | Lair:3   | Found a staircase to the Shoals.
 23010 | Lair:3   | Reached skill level 16 in Axes
 23440 | Lair:3   | You fall through a shaft for 2 floors!
 23504 | Lair:4   | Reached skill level 17 in Axes
 23957 | Lair:3   | Reached skill level 18 in Axes
 24043 | Lair:3   | Learned a level 3 spell: Regeneration
 24061 | Lair:3   | Learned a level 2 spell: Swiftness
 24066 | Lair:3   | Learned a level 4 spell: Passage of Golubria
 24757 | Lair:5   | Received a gift from Pakellas
 24854 | Lair:5   | Reached skill level 19 in Axes
 25175 | Lair:5   | Found a hole to the Spider Nest.
 25324 | Lair:5   | Got a scorched golden ring
 25326 | Lair:5   | Identified the ring of Ujih {Fragile rPois rF+ Slay+5} (You found it on level 5 of the Lair of Beasts)
 26236 | Lair:7   | Reached skill level 20 in Axes
 26775 | Lair:7   | Reached XP level 15. HP: 104/138 MP: 25/25
 27497 | Lair:4   | Reached skill level 15 in Evocations
 27796 | Lair:4   | Noticed Sonja
 27797 | Lair:4   | Noticed Sonja
 27797 | Lair:4   | Sonja changed into Sonja the sky beast
 27802 | Lair:4   | Killed Sonja the sky beast
 28407 | Lair:8   | Entered Level 8 of the Lair of Beasts
 28460 | Lair:8   | Found a runed door.
 28470 | Lair:8   | Found a viscous altar of Jiyva.
 28472 | Lair:8   | Noticed an acid blob
 28479 | Lair:8   | Found a staircase to the Slime Pits.
 28479 | Lair:8   | Noticed an acid blob
 29688 | Lair:8   | Got an encrusted hat
 29699 | Lair:8   | Identified the +0 hat of Gydej {Regen+} (You found it on level 8 of the Lair of Beasts)
 30332 | D:13     | Noticed Rupert
 30348 | D:13     | Killed Rupert
 30690 | D:13     | Noticed Erolcha
 30691 | D:13     | Noticed Erolcha
 30691 | D:13     | Erolcha changed into Erolcha the sky beast
 30715 | D:13     | Killed Erolcha the sky beast
 31000 | D:13     | Received a gift from Pakellas
 31230 | D:13     | Reached XP level 16. HP: 133/147 MP: 14/28
 31280 | D:13     | Reached skill level 15 in Fighting
 31344 | D:13     | Found a gate to the Vaults.
 32668 | D:15     | Entered Level 15 of the Dungeon
 32668 | D:15     | Found Wianliuc's Assorted Antiques.
 32685 | D:15     | Bought a scroll of identify for 50 gold pieces
 32685 | D:15     | Bought a yellow potion for 22 gold pieces
 32948 | D:15     | Found an iron altar of Okawaru.
 33351 | D:15     | Found a radiant altar of Vehumet.
 33468 | D:15     | Found a staircase to the Depths.
 33823 | Spider:1 | Entered Level 1 of the Spider Nest
 36432 | Spider:3 | Reached XP level 17. HP: 153/159 MP: 29/29
 36792 | Spider:3 | Received a gift from Pakellas
 37401 | Spider:4 | Entered Level 4 of the Spider Nest
 37811 | Spider:4 | Identified a +2 pair of boots of running (You found it on level 4 of the Spider Nest)
 38311 | Spider:4 | Identified a +0 rod of shadows (14/14) (You found it on level 4 of the Spider Nest)
 38529 | Spider:4 | Reached skill level 10 in Dodging
 39019 | Spider:4 | Got a gossamer rune of Zot
 39387 | Lair:1   | Identified a scroll of acquirement
 39480 | Shoals:1 | Entered Level 1 of the Shoals
 39558 | Shoals:1 | Found a flickering gateway to a bazaar.
 39578 | Bazaar   | Entered a bazaar
 39581 | Bazaar   | Found Kufrumu's Gadget Emporium.
 39601 | Bazaar   | Found Guca Rarr's Assorted Antiques.
 39611 | Bazaar   | Found Vaerphino's Assorted Antiques.
 39660 | Bazaar   | Found Sorhalie's Weapon Boutique.
 39670 | Bazaar   | Found Kochoba's Antique Weapon Shop.
 39770 | Bazaar   | Bought a +2 lightning rod (14/14) for 1345 gold pieces
 40067 | Shoals:1 | Reached skill level 15 in Armour
 40566 | Shoals:2 | Reached XP level 18. HP: 152/171 MP: 30/30
 40613 | Shoals:2 | Noticed Duffy's ghost (adept FoEE)
 40731 | Shoals:2 | Killed Duffy's ghost
 41161 | Shoals:2 | Found Puemn's Jewellery Shop.
 41710 | Shoals:3 | HP: 8/172 [harpy (3)]
 41939 | Shoals:3 | Upgraded the game from 0.18-a0-1203-gbde16db to 0.18-a0-1211-g828307d
 42597 | Shoals:4 | Entered Level 4 of the Shoals
 42801 | Shoals:4 | Noticed Ilsuiw
 42824 | Shoals:4 | Killed Ilsuiw
 43171 | Shoals:4 | Received a gift from Pakellas
 43494 | Shoals:4 | Reached skill level 21 in Axes
 43752 | Shoals:4 | Cast into level 2 of the Abyss (merfolk)
 43844 | Abyss:2  | Reached XP level 19. HP: 140/181 MP: 31/31
 44111 | Shoals:4 | Escaped the Abyss
 44610 | Shoals:4 | Got a barnacled rune of Zot
 44930 | Shoals:4 | Got a bound ivory amulet
 44931 | Shoals:4 | Identified the amulet "Qechou" {+Rage MR++} (You took it off a siren on level 4 of the Shoals)
 45284 | Elf:1    | Entered Level 1 of the Elven Halls
 45331 | Elf:1    | Found a frozen archway.
 45353 | IceCv    | Entered an ice cave
 45906 | Elf:1    | Found Vilitef's Distillery.
 46476 | Elf:1    | XOM: swap monsters
 46995 | Orc:2    | Bought a scroll of enchant armour for 90 gold pieces
 46995 | Orc:2    | Bought a scroll of enchant armour for 90 gold pieces
 47489 | Elf:2    | Found a runed gate.
 47489 | Elf:2    | Found a runed gate.
 47786 | Elf:2    | Found Litil's Armour Boutique.
 47909 | Elf:2    | Found a runed gate.
 48269 | Elf:2    | Reached XP level 20. HP: 145/191 MP: 32/32
 48390 | Elf:2    | Reached skill level 22 in Axes
 48913 | Elf:3    | Entered Level 3 of the Elven Halls
 49064 | Elf:3    | Found a radiant altar of Vehumet.
 49146 | Elf:3    | Received a gift from Pakellas
 49769 | Elf:3    | Got a transparent crystal amulet
 49944 | Elf:3    | Got a pitted platinum ring
 49949 | Elf:3    | Identified the amulet "Zoufaf" {Dismiss rElec rC+ rN+ Dex+2} (You took it off a deep elf death mage on level 3 of the Elven Halls)
 49950 | Elf:3    | Identified the ring "Qaqefreu" {Int+2 SInv} (You took it off a deep elf death mage on level 3 of the Elven Halls)
 50102 | Elf:3    | Got a faintly humming plate armour
 50103 | Elf:3    | Identified the +1 plate armour of the Kettle-Drum {rF+} (You took it off a deep elf high priest on level 3 of the Elven Halls)
 50598 | Elf:3    | Got a faintly glowing shadow dragon armour
 50599 | Elf:3    | Identified the +9 shadow dragon armour of the Duchess {rN+ Stlth++++} (You took it off a deep elf high priest on level 3 of the Elven Halls)
 50903 | Vaults:1 | Entered Level 1 of the Vaults
 51067 | Vaults:1 | Reached XP level 21. HP: 193/202 MP: 33/33
 52408 | Vaults:2 | Reached skill level 23 in Axes
 52734 | Vaults:2 | Received a gift from Pakellas
 52752 | Vaults:2 | Identified a +4 rod of clouds (11/11) (Pakellas gifted it to you on level 2 of the Vaults)
 52844 | Vaults:2 | Found Dirunn's Gadget Shop.
 52997 | Vaults:2 | Found a staircase to the Crypt.
 53310 | Vaults:2 | Found Doqa's Assorted Antiques.
 53662 | Vaults:2 | Reached XP level 22. HP: 213/213 MP: 34/34
 55483 | Vaults:4 | Got a bound golden ring
 55484 | Vaults:4 | Identified the ring "Nyckoar" {Ice rN+ MR+} (You took it off an orc warrior on level 4 of the Vaults)
 56117 | Vaults:4 | Received a gift from Pakellas
 56981 | Vaults:5 | Entered Level 5 of the Vaults
 56992 | Vaults:5 | Reached XP level 23. HP: 153/222 MP: 36/36
 56997 | Vaults:5 | Reached skill level 24 in Axes
 57166 | Vaults:5 | Noticed an ancient lich
 58305 | Vaults:4 | Got a jewelled battleaxe {elec}
 58306 | Vaults:4 | Identified the +9 battleaxe "Araupell" {elec, Int+4} (You took it off an ironheart preserver on level 4 of the Vaults)
 58308 | Vaults:4 | Got a fine lead ring
 58309 | Vaults:4 | Identified the ring of Dyor {rElec rPois rF++ Stlth+} (You took it off an ironheart preserver on level 4 of the Vaults)
 59158 | Vaults:5 | Reached skill level 15 in Dodging
 59174 | Vaults:5 | Found Okis Hytisk's Jewellery Shop.
 59181 | Vaults:5 | Found Fiuwameub's Distillery.
 59191 | Vaults:5 | Noticed an ancient lich
 59203 | Vaults:5 | Killed an ancient lich
 59203 | Vaults:5 | Reached XP level 24. HP: 97/233 MP: 36/36
 59371 | Vaults:5 | Bought a potion of experience for 1100 gold pieces
 59372 | Vaults:5 | Reached XP level 25. HP: 240/240 MP: 36/36
 59401 | Vaults:5 | Got an ancient broad axe
 59402 | Vaults:5 | Identified the +4 broad axe "Beastbane" {chop, *Corrode rPois Dex+6} (You found it on level 5 of the Vaults)
 59438 | Vaults:5 | Got a silver rune of Zot
 59644 | Vaults:5 | Got a crude scale mail
 59645 | Vaults:5 | Identified the +3 scale mail "Folo" {Dex+4} (You took it off an orc knight on level 5 of the Vaults)
 59657 | Vaults:5 | Learned a level 5 spell: Phase Shift
 59842 | Vaults:5 | Got a pair of crude boots
 59843 | Vaults:5 | Identified the +0 pair of boots "Tarhod" {*Confuse rPois Dex+5 Stlth+} (You found it on level 5 of the Vaults)
 60402 | Vaults:2 | Received a gift from Pakellas
 60616 | Depths:1 | Entered Level 1 of the Depths
 60646 | Depths:1 | Reached skill level 25 in Axes
 60767 | Depths:1 | Found a one-way gate leading to the halls of Pandemonium.
 60975 | Depths:1 | Found a gateway to Hell.
 61276 | Depths:1 | Found Buvolul's Serpentskin Sales.
 61289 | Depths:1 | Found a snail-covered altar of Cheibriados.
 61400 | Depths:2 | Noticed Asterion
 61411 | Depths:2 | Killed Asterion
 62554 | Depths:2 | Found a one-way gate to the infinite horrors of the Abyss.
 62666 | Depths:2 | Noticed Jorgrun
 62671 | Depths:2 | Killed Jorgrun
 63104 | Depths:2 | Reached XP level 26. HP: 251/251 MP: 36/36
 63242 | Depths:3 | Found Leastreh's Pet Rocks.
 63319 | Depths:3 | Found Gozag's Antique Armour Boutique.
 63335 | Depths:3 | Found Gozag's Assorted Antiques.
 63335 | Depths:3 | Found an opulent altar of Gozag.
 63421 | Depths:3 | Found Gozag's Antique Weapon Shop.
 63495 | Depths:3 | Bought a polished executioner's axe for 1500 gold pieces
 63500 | Depths:3 | Identified the +8 executioner's axe of Peace {chop, rN+ MP+9 Int+2} (You bought it in a shop on level 3 of the Depths)
 63849 | Depths:3 | Found a gateway to a ziggurat.
 64905 | Depths:4 | Learned a level 1 spell: Apportation
 64908 | Depths:4 | Learned a level 2 spell: Shroud of Golubria
 64947 | Depths:4 | Got a pair of crude gloves
 64948 | Depths:4 | Identified the +2 pair of gloves of Eseidare {rC+++ MR+ Regen+ Dex-4} (You found it on level 4 of the Depths)
 65084 | Depths:4 | Received a gift from Pakellas
 65086 | Depths:4 | Reached skill level 26 in Axes
 65381 | Depths:4 | Found a runed door.
 65381 | Depths:4 | Noticed an iron giant
 65396 | Depths:4 | Killed an iron giant
 65535 | Depths:5 | Entered Level 5 of the Depths
 65880 | Depths:5 | Found a stormy altar of Qazlal.
 66070 | Depths:5 | Found a gate to the Realm of Zot.
 66494 | Depths:5 | Reached XP level 27. HP: 236/261 MP: 37/37
 66690 | Zot:1    | Entered Level 1 of the Realm of Zot
 69821 | Zot:4    | Received a gift from Pakellas
 69959 | Zot:4    | Noticed an orb of fire
 69977 | Zot:4    | Gained mutation: You are partially covered in yellow scales (AC +2). [an orb of fire]
 69990 | Zot:4    | Gained mutation: Your body sometimes deteriorates upon taking damage. [an orb of fire]
 69993 | Zot:4    | Killed an orb of fire
 70401 | Zot:5    | Entered Level 5 of the Realm of Zot
 70987 | Zot:5    | Noticed an orb of fire
 70988 | Zot:5    | Gained mutation: You are clumsy. (Dex -2) [an orb of fire]
 70990 | Zot:5    | Gained mutation: Your body often deteriorates upon taking damage. [an orb of fire]
 71000 | Zot:5    | Gained mutation: Your magical capacity is low (-10% MP). [an orb of fire]
 71003 | Zot:5    | Killed an orb of fire
 71065 | Zot:5    | Noticed an ancient lich
 71095 | Zot:5    | Killed an ancient lich
 71170 | Zot:5    | Noticed an orb of fire
 71199 | Zot:5    | Killed an orb of fire
 71265 | Zot:5    | Noticed an orb of fire
 71265 | Zot:5    | Gained mutation: Your magical capacity is very low (-20% MP). [an orb of fire]
 71267 | Zot:5    | Gained mutation: Scrolls take you a little longer to read. [an orb of fire]
 71272 | Zot:5    | Gained mutation: Your magical capacity is extremely low (-30% MP). [an orb of fire]
 71281 | Zot:5    | Killed an orb of fire
 71680 | Zot:5    | Noticed an orb of fire
 71696 | Zot:5    | Killed an orb of fire
 72210 | Hell     | Entered the Vestibule of Hell
 72210 | Hell     | Noticed Geryon
 72268 | Hell     | Killed Geryon
 72274 | Hell     | Lost mutation: Your magical capacity is extremely low (-30% MP). [potion of cure mutation]
 72274 | Hell     | Lost mutation: Your magical capacity is very low (-20% MP). [potion of cure mutation]
 72274 | Hell     | Lost mutation: Your body often deteriorates upon taking damage. [potion of cure mutation]
 72274 | Hell     | Lost mutation: You are clumsy. (Dex -2) [potion of cure mutation]
 72274 | Hell     | Lost mutation: Your body sometimes deteriorates upon taking damage. [potion of cure mutation]
 72863 | Hell     | Lost mutation: Your magical capacity is low (-10% MP). [potion of cure mutation]
 72863 | Hell     | Lost mutation: You are partially covered in yellow scales (AC +2). [potion of cure mutation]
 72863 | Hell     | Lost mutation: Scrolls take you a little longer to read. [potion of cure mutation]
 72878 | Hell     | Gained mutation: You have large cloven feet. [potion of beneficial mutation]
 73016 | Hell     | Found a gateway to the Iron City of Dis.
 73171 | Hell     | Found a gateway to the decaying netherworld of Tartarus.
 73289 | Hell     | Found a gateway to the freezing wastes of Cocytus.
 73561 | Hell     | Found a gateway to the ashen valley of Gehenna.
 73697 | Depths:2 | Voluntarily entered the Abyss.
 74744 | Abyss:2  | Found a corrupted altar of Lugonu.
 74984 | Abyss:3  | Found a corrupted altar of Lugonu.
 75216 | Abyss:3  | Received a gift from Pakellas
 75229 | Abyss:3  | Got an abyssal rune of Zot
 75339 | Depths:2 | Escaped the Abyss
 75384 | Depths:3 | Reached skill level 27 in Fighting
 75717 | Vaults:2 | Bought a disc of storms for 320 gold pieces
 75974 | Geh:1    | Entered Level 1 of Gehenna
 76193 | Vaults:2 | Reached skill level 1 in Spellcasting
 76222 | Crypt:1  | Entered Level 1 of the Crypt
 76656 | Crypt:1  | Reached skill level 5 in Spellcasting
 77137 | Crypt:2  | Learned a level 6 spell: Deflect Missiles
 77143 | Crypt:2  | Learned a level 5 spell: Silence
 77370 | Crypt:3  | Entered Level 3 of the Crypt
 77659 | Crypt:3  | Reached skill level 10 in Spellcasting
 77806 | Crypt:3  | Reached skill level 1 in Air Magic
 77921 | Crypt:3  | Found an ancient bone altar of Kikubaaqudgha.
 77927 | Crypt:3  | Noticed an ancient lich
 78008 | Crypt:3  | Identified Sif Muna's Papyrus of Snow and Attacks
 78227 | Crypt:3  | Found a staircase to the Tomb.
 78230 | Crypt:3  | Reached skill level 5 in Air Magic
 78502 | Crypt:3  | Killed an ancient lich
 78584 | Crypt:3  | Got an ancient tin amulet
 78613 | Crypt:3  | Identified the amulet "Quloaxeg" {Reflect rN+ MR++ Str-4 Dex+3 SH+3} (You found it on level 3 of the Crypt)
 79436 | Geh:4    | Reached skill level 10 in Air Magic
 79594 | Geh:6    | Reached skill level 1 in Necromancy
 79624 | Geh:6    | Reached skill level 1 in Charms
 79631 | Geh:6    | Reached skill level 1 in Translocations
 79726 | Geh:6    | Received a gift from Pakellas
 80069 | Geh:7    | Entered Level 7 of Gehenna
 80568 | Geh:7    | Reached skill level 5 in Necromancy
 80610 | Geh:7    | Reached skill level 5 in Charms
 80942 | Geh:7    | Reached skill level 5 in Translocations
 81759 | Geh:7    | Noticed Asmodeus
 81794 | Geh:7    | Killed Asmodeus
 81827 | Geh:7    | Got an obsidian rune of Zot
 81999 | Geh:7    | Reached skill level 10 in Necromancy
 82033 | Geh:7    | Got a fine helmet
 82248 | Hell     | Identified the +0 helmet of Cheibriados's Outrage {Str+2} (You found it on level 7 of Gehenna)
 82297 | Tar:1    | Entered Level 1 of Tartarus
 82604 | Tar:3    | Received a gift from Pakellas
 83000 | Tar:5    | Reached skill level 10 in Charms
 83530 | Tar:7    | Entered Level 7 of Tartarus
 84039 | Tar:7    | Noticed Ereshkigal
 84091 | Tar:7    | Killed Ereshkigal
 84230 | Tar:7    | Got a bone rune of Zot
 85457 | Tar:7    | Identified Sif Muna's Catalogue of Changing and Conjuration
 85616 | Tar:7    | Identified the Papyrus of Intoxication and Conjuration
 85651 | Tar:7    | Identified the Grimoire of Dislocation
 85661 | Tar:7    | Got a coiled tin amulet
 85662 | Tar:7    | Identified the amulet "Nahu" {+Rage rF++ rN+++ Dex-3} (You found it on level 7 of Tartarus)
 85697 | Tar:7    | Identified the Collected Works on Unstable Poisoning
 85702 | Tar:7    | Got a brightly glowing plate armour
 85714 | Tar:7    | Identified the +1 plate armour of Abu Inloti {rElec} (You found it on level 7 of Tartarus)
 85751 | Tar:7    | Reached skill level 15 in Necromancy
 86233 | Tar:7    | Received a gift from Pakellas
 86460 | Tar:7    | Reached skill level 10 in Translocations
 87090 | Dis:1    | Entered Level 1 of the Iron City of Dis
 88253 | Dis:4    | Noticed an iron giant
 88274 | Dis:4    | Killed an iron giant
 88392 | Dis:4    | You fall through a shaft for 2 floors!
 88398 | Dis:7    | Entered Level 7 of the Iron City of Dis
 88427 | Dis:7    | Noticed an iron giant
 88437 | Dis:7    | Noticed an iron giant
 88468 | Dis:7    | Got an iron rune of Zot
 88552 | Dis:7    | Noticed an iron giant
 88559 | Dis:7    | Noticed Dispater
 88741 | Dis:7    | Killed an iron giant
 88866 | Dis:7    | Noticed an iron giant
 88888 | Dis:7    | Killed an iron giant
 88999 | Dis:7    | Killed an iron giant
 89079 | Dis:7    | Noticed an iron giant
 89101 | Dis:7    | Thrown by an iron giant

Vault maps used:
D:1:      nicolae_arrival_washed_ashore
D:2:      first_bread, uniq_natasha
D:3:      minmay_misc_feat_pillars, st_stairs_11
D:4:      minmay_temple_entry_trees
D:6:      lemuel_ratsnest, portal_sewer_entry_a, uniq_grinder
D:8:      grunt_temple_overflow_open
D:9:      kennysheep_housing_project, serial_shops, shop, hangedman_tree_tricks
D:10:     lair_0_dummy, serial_shops, nicolae_shop_waterfront, uniq_erica
D:11:     enter_trove_1, uniq_harold
D:12:     orc_0_dummy, serial_shops, bzr_entry_lakeside, lemuel_oklob_altar
D:13:     hangedman_vaults_entry_quadrant_bands, uniq_erolcha, uniq_rupert
D:14:     serial_park_tiny_pond
D:15:     gammafunk_enter_depths_forms, okawaru_ov_weapons_minmay, serial_shops,
          nicolae_shop_statue_plus, nrook_mini_vaults, lemuel_tele_altar
Temple:   grunt_circular_temple_18
Lair:1:   lab_entry_generic
Lair:2:   minivault_27, st_stairs_6, infiniplex_staircase_pool,
          grunt_megastairs_1
Lair:3:   minmay_shoals_entry_beasts, hangedman_lair_generics_rect
Lair:4:   boulder_quad_collide, grunt_megastairs_3, lemuel_fruit_tree,
          uniq_sonja
Lair:5:   nicolae_spider_entry_tight_spaces
Lair:8:   evilmike_catoblepas_cave, slime_altar_2
Shoals:1: serial_shops, bzr_entry_safe
Shoals:2: serial_shops, nicolae_shop_trees
Shoals:3: nicolae_shoals_so_close
Shoals:4: shoals_end_grunt_ice, shoals_ilsuiw_alternative,
          nicolae_shoals_stone_sculpture_thing, nicolae_shoals_undead_eyrie
Spider:1: spider_trap
Spider:4: spider_rune_water, nicolae_crawler_farm
Orc:1:    uniq_fannar, uniq_josephine
Orc:2:    st_orc_elflike, serial_shops, shop
Elf:1:    kennysheep_oblong_rooms, serial_shops, nicolae_shop_behind_doors,
          portal_ice_cave_entry_imps, hangedman_elf_represent
Elf:2:    serial_co_window_serial, co_window_paths_a, co_window_paths_a,
          co_window_cross_1, co_window_corner_a, co_window_corner_a,
          co_window_corner_a, co_window_paths_b, glass_columns_c,
          glass_columns_c, glass_columns_a, glass_columns_b, serial_shops,
          nicolae_shop_crystal
Elf:3:    minmay_elf_hall_dome, basic_altar, st_stairs_8, minmay_fountain_box
Vaults:1: v_misc_29, grunt_vaults_twisty, vaults_room_octagon, v_pattern_4,
          v_rooms_3, st_eye, v_misc_12, ontoclasm_vaults_tryst, v_misc_11,
          nicolae_vaults_angled_halls, vaults_room_large_hall
Vaults:2: minmay_crypt_entry_vampire_xt, nicolae_vaults_rhombus_5,
          nicolae_vaults_big_ls, v_rooms_2, nicolae_vaults_lopsided_apartments,
          v_misc_13, vaults_mumra_hex, v_alt_pattern_3, hangedman_vaults_impose,
          vaults_room_stairs_pillars, ontoclasm_vaults_loading_screen,
          nicolae_vaults_little_squares_1, grunt_vaults_hallway_long,
          vaults_mumra_minichess, vaults_dpeg_encased_lava,
          vaults_room_semicircle, hangedman_vaults_slice, vaults_room_fours,
          serial_glass, serial_shops, shop, shop
Vaults:3: hangedman_vaults_nails, v_misc_4, dpeg_vaults_monster_box,
          special_room_vaults, ontoclasm_vaults_twist
Vaults:4: v_misc_18, v_alt_pattern_4, nicolae_vaults_little_squares_5, st_lines,
          nicolae_vaults_sealed_display, nicolae_vaults_little_squares_4,
          nicolae_vaults_mini_display_case, hangedman_vaults_restitches,
          ontoclasm_vaults_eye, nicolae_vaults_diagonal_hallway_6,
          nicolae_vaults_little_squares_6, grunt_vaults_hallway_long
Crypt:3:  quadcrypt_mu
Depths:1: grunt_pan_entry_spiral, cheibriados_altar_1, hell_entry,
          serial_sigils_hangedman_scar, guppyfry_shop_venom
Depths:2: minmay_connected_boxes_in_corner, hangedman_abyss_entry_splay,
          hellmouth_1, nicolae_lava_and_water, infiniplex_staircase_pool_1,
          uniq_asterion, uniq_jorgrun
Depths:3: kennysheep_gozag_temple, enter_ziggurat_f, grunt_pan_entry_zigzag,
          pf_coc_iceberg, guppyfry_shop_earth, serial_bayou_shore_b,
          kennysheep_random_hallway, minmay_staircase_statues
Depths:4: minmay_expanding_circles, hell_entry, grunt_decor_clamped,
          abyss_entry, infiniplex_staircase_x, serial_bayou_shore_a
Depths:5: grunt_zot_entry_alcove, hell_entry, kennysheep_flooded_box,
          rand_demon_pan_entry_3
Dis:1:    hangedman_dis_decor_blocks_crown
Dis:4:    grunt_dis_stairs_iron_hall
Dis:7:    iron_city_of_dis
Geh:2:    nicolae_geh_fiery_graves
Geh:4:    hangedman_hellfire_club
Geh:6:    nicolae_geh_single_fiery_grave
Geh:7:    geh_hangedman
Tar:4:    hangedman_tartarus_temple_path, evilmike_ambush
Tar:7:    tar_mu
Zot:1:    hangedman_spider_trapstep
Zot:2:    grunt_deathspiral_small
Zot:3:    grunt_ministairs_2, grunt_megastairs_2
Zot:4:    kennysheep_spiral_hall
Abyss:2:  hangedman_steaming_rock, hangedman_decor_points
Abyss:3:  grunt_abyss_exit_deep_breaths, minivault_28
Lab:      labyrinth_hidden_loot, nicolae_lab_grate_2, nicolae_lab_grate,
          nicolae_lab_do_over, nicolae_lab_lava, nicolae_lab_arrow,
          nicolae_lab_big_swirl, nicolae_lab_dead_end, nicolae_lab_statue,
          labyrinth_skeletal_remains, nicolae_lab_quarters,
          nicolae_lab_starburst
Bazaar:   bazaar_short_row, bazaar_jpeg_ninerooms_2
Trove:    trove_books_scrolls
Sewer:    sewer_frog_island_01
IceCv:    ice_cave_tombish

Action                   |  1- 3 |  4- 6 |  7- 9 | 10-12 | 13-15 | 16-18 | 19-21 | 22-24 | 25-27 || total
-------------------------+-------+-------+-------+-------+-------+-------+-------+-------+-------++-------
Melee: War axe           |    39 |       |   469 |   325 |       |       |       |       |       ||   833
       Whip              |    86 |   230 |    86 |       |       |       |       |       |       ||   402
       Battleaxe         |       |       |       |   502 |  1126 |   660 |       |       |       ||  2288
       Executioner's axe |       |       |       |       |       |   310 |  1016 |   587 |  4994 ||  6907
 Fire: Blowgun           |       |       |     2 |     7 |    17 |       |       |       |       ||    26
Throw: Stone             |       |    14 |     6 |       |       |       |       |       |       ||    20
       Throwing net      |       |       |       |     1 |       |       |       |       |       ||     1
 Cast: Regeneration      |       |       |       |       |       |       |       |       |    71 ||    71
       Blink             |       |       |       |       |       |       |       |       |     2 ||     2
       Shroud of Golubri |       |       |       |       |       |       |       |       |     1 ||     1
Invok: Quick Charge      |       |       |     2 |       |     1 |       |       |     1 |     4 ||     8
 Abil: Evoke Invisibilit |       |       |       |       |       |     1 |       |       |       ||     1
Evoke: Wand              |       |     3 |    26 |    30 |     9 |       |     3 |       |    23 ||    94
       Rod               |       |       |       |    32 |    93 |   119 |    72 |    29 |   127 ||   472
       Stone of tremors  |       |       |       |     1 |     2 |     2 |     1 |     1 |       ||     7
       Deck              |       |       |       |       |     4 |       |       |       |       ||     4
       Lamp of fire      |       |       |       |       |       |       |     1 |     4 |       ||     5
       Piece from Xom's  |       |       |       |       |       |       |     1 |       |       ||     1
       Phial of floods   |       |       |       |       |       |       |       |     2 |     3 ||     5
       Box of beasts     |       |       |       |       |       |       |       |       |     3 ||     3
       Fan of gales      |       |       |       |       |       |       |       |       |     1 ||     1
       Phantom mirror    |       |       |       |       |       |       |       |       |     1 ||     1
  Use: Scroll            |       |       |     6 |    15 |     6 |    19 |    11 |     6 |    18 ||    81
       Potion            |       |       |       |       |       |     1 |       |     2 |     3 ||     6
 Stab: Confused          |       |     1 |     9 |     3 |     2 |       |       |       |       ||    15
       Paralysed         |       |       |       |     6 |     2 |       |       |       |       ||     8
       Invisible         |       |       |       |       |       |     3 |       |       |       ||     3
       Distracted        |       |       |       |       |       |       |     2 |     1 |    20 ||    23
       Sleeping          |       |       |       |       |       |       |     5 |     4 |    33 ||    42
  Eat: Chunk             |     1 |     9 |    16 |    48 |    84 |    83 |    51 |    20 |    83 ||   395
       Fruit             |       |       |     1 |     5 |       |       |       |       |    33 ||    39
       Bread ration      |       |       |       |       |       |       |       |     2 |     6 ||     8
       Meat ration       |       |       |       |       |       |       |       |       |    10 ||    10
       Beef jerky        |       |       |       |       |       |       |       |       |     4 ||     4
       Royal jelly       |       |       |       |       |       |       |       |       |     1 ||     1
